 Dungeon Crawl Stone Soup version 0.25.0-1-g7eea58d2a3 (webtiles) character file.

Game seed: 16365419670422042541

14914 Delamore the Bludgeoner (level 12, -1/75 HPs)
             Began as a Gargoyle Fighter on June 13, 2020.
             Was a High Priest of Okawaru.
             Slain by a stone giant (26 damage)
             ... in a volcano.
             The game lasted 00:20:47 (10979 turns).

Delamore the Bludgeoner (Gargoyle Fighter)         Turns: 10979, Time: 00:20:47

Health: -1/75      AC: 30    Str: 27    XL:     12   Next: 21%
Magic:  21/21      EV:  8    Int: 11    God:    Okawaru [*****.]
Gold:   591        SH: 16    Dex:  9    Spells: 11/11 levels left

rFire    + . .     SeeInvis .   l - +8 mace of Raergh {vamp, rC+ MP+9}
rCold    + . .     Gourm    .   c - +0 kite shield
rNeg     + + .     Faith    .   B - +6 scale mail "Ethrieno" {rF+ rN+ MR+ Str+4}
rPois    ∞         Spirit   .   S - +1 helmet of the Lute {Regen+}
rElec    +         Reflect  +   (no cloak)
rCorr    .         Harm     .   p - +0 pair of gloves
MR       +....                  a - +0 pair of boots
Stlth    ..........             h - amulet of reflection
HPRegen  0.62/turn              s - +4 ring of slaying
MPRegen  0.17/turn              U - +4 ring of protection

@: no status effects
A: negative energy resistance 1, electricity resistance, unbreathing,
petrification resistance, rot immunity, AC +8
a: Heroism, Finesse, Renounce Religion


You were in a volcano.
You worshipped Okawaru.
Okawaru was extremely pleased with you.
You were not hungry.

You visited 3 branches of the dungeon, and saw 12 of its levels.
You also visited: Bailey and Volcano.

You collected 646 gold pieces.
You spent 55 gold pieces at shops.

Inventory:

Hand Weapons
 l - the +8 mace of Raergh (weapon) {vamp, rC+ MP+9}
   (You took it off an orc warrior on level 9 of the Dungeon)

   It inflicts no extra harm, but heals its wielder when it wounds a living foe.
   It protects you from cold.
   It affects your magic capacity (+9).
 I - a +0 morningstar of flaming
Missiles
 n - a throwing net
 q - 33 poisoned darts (quivered)
Armour
 a - a +0 pair of boots (worn)
 c - a +0 kite shield (worn)
 p - a +0 pair of gloves (worn)
 B - the +6 scale mail "Ethrieno" (worn) {rF+ rN+ MR+ Str+4}
   (You found it on level 5 of the Dungeon)

   It affects your strength (+4).
   It protects you from fire.
   It protects you from negative energy.
   It affects your resistance to hostile enchantments.
 K - a +0 tower shield
 S - the +1 helmet of the Lute (worn) {Regen+}
   (You found it on level 9 of the Dungeon)

   It increases your rate of regeneration.
Jewellery
 h - an amulet of reflection (around neck)
 s - a +4 ring of slaying (left hand)
 J - an uncursed ring of positive energy
 U - a +4 ring of protection (right hand)
Wands
 b - a wand of paralysis (13)
 A - a wand of random effects (21)
 F - a wand of disintegration (14)
 N - a wand of flame (51)
 W - a wand of iceblast (1)
Scrolls
 i - 2 scrolls of magic mapping
 m - 4 scrolls of immolation
 r - 8 scrolls of remove curse
 t - a scroll of noise
 u - 9 scrolls of teleportation
 y - 3 scrolls of blinking
 E - a scroll of fog
 H - a scroll of holy word
 L - 2 scrolls of enchant armour
 O - a scroll of random uselessness
 Q - 2 scrolls of identify
 R - a scroll of enchant weapon
 V - 2 scrolls of amnesia {unknown}
 X - a scroll of fear
Potions
 d - 2 potions of might
 e - 2 potions of mutation {unknown}
 g - 3 potions of lignification
 j - a potion of haste
 o - 2 potions of brilliance
 v - 3 potions of cancellation
 w - 2 potions of stabbing
 x - a potion of resistance {unknown}
 z - 5 potions of curing
 C - a potion of experience {unknown}
 D - 4 potions of heal wounds
 G - 3 potions of magic {unknown}
 M - 3 potions of degeneration
 P - a potion of invisibility {unknown}
 T - a potion of flight
Comestibles
 f - 28 rations


   Skills:
 + Level 8.3 Fighting
 - Level 16.0 Maces & Flails
 - Level 3.2 Armour
 + Level 8.3 Shields


You had 11 spell levels left.
You didn't know any spells.
Your spell library contained the following spells:

 Spells                   Type           Power        Failure   Level  Hunger
 Animate Skeleton         Necr           N/A          88%         1    ##.....
 Pain                     Necr           #...         88%         1    ##.....
 Confusing Touch          Hex            #.......     99%         3    ####...
 Gell's Gravitas          Tloc           #.........   99%         3    ####...
 Vampiric Draining        Necr           #.........   99%         3    ####...
 Animate Dead             Necr           N/A          100%        4    #####..
 Petrify                  Tmut/Erth      #.......     100%        4    #####..
 Agony                    Necr           #.......     100%        5    ######.
 Metabolic Englaciation   Hex/Ice        #.........   100%        5    ######.
 Yara's Violent Unravell  Hex/Tmut       #.........   100%        5    ######.


Dungeon Overview and Level Annotations

Branches:
Dungeon (10/15)            Temple (1/1) D:6            Lair (1/6) D:9
 Bailey (visited)         Volcano (1/1)
    Orc: D:9-12

Altars:
Ashenzari
Cheibriados
Dithmenos
Elyvilon
Fedhas
Gozag
Hepliaklqana
Kikubaaqudgha
Makhleb
Nemelex Xobeh
Okawaru
Qazlal
Ru
Sif Muna
Trog
Uskayaw
Vehumet
Wu Jian
Xom
Yredelemnul
Zin
The Shining One
Beogh

Shops:
D:5 !   D:7 !   D:8 *


Innate Abilities, Weirdness & Mutations

You are resistant to torment.
Your stone body is resilient. (AC +8)
You are immune to poison.
You resist negative energy. (rN+)
You are resistant to electric shocks. (rElec)
You can survive without breathing.
You are immune to petrification.
You are immune to rotting.


Message History

The stone giant is lightly wounded.
The stone giant hits you!!
* * * LOW HITPOINT WARNING * * *
You hit the stone giant.
The stone giant is lightly wounded.
You hit the stone giant.
You feel better.
The stone giant is moderately wounded.
You block the stone giant's attack.
You bludgeon the stone giant!!
The stone giant is heavily wounded.
You block the stone giant's attack.
You sock the stone giant!
The stone giant is severely wounded.
You sock the stone giant!
The stone giant is severely wounded.
You block the stone giant's attack.
You sock the stone giant!
You feel better.
The stone giant is severely wounded.
The stone giant hits you!!
You die...

≈§≈≈§≈§.########§########.≈§≈≈≈§
≈≈≈≈≈≈≈.# #.# #.§≈≈§≈§ ≈≈§≈§§§.#
#.# #§§§§≈§≈ §≈§≈§§§.# #.#
#§§§≈≈≈≈ §≈≈§§§§.# #.# #.≈§§≈§≈
≈§§§§§§§######.#.#.######.§§≈≈§§
§§§§≈≈≈.#......#.#......#.§≈≈≈≈§
≈§≈§≈§§.###++###(###++###.≈≈≈≈≈§
≈§≈§≈≈≈.# #.@)..# #..≈≈≈≈≈
§§§≈§≈≈.# #C8_8.# #.≈§≈≈≈≈
≈§§≈≈≈§≈.# .'.....+ #.§≈≈≈≈≈
§§≈≈≈≈§≈.#################.≈§≈§§≈
§§§≈≈§≈≈..................≈≈≈≈§§≈
≈§≈§≈§≈≈≈≈≈.§§≈≈.§.≈≈≈≈§≈≈§§≈≈§≈≈
≈§≈≈≈≈≈≈≈≈≈≈≈≈≈.≈§≈≈≈≈≈≈≈§§§§≈≈≈≈
≈≈≈§≈≈≈≈≈≈≈≈§..§§§≈≈§§≈≈§≈≈≈≈§≈≈§
≈≈..≈§≈≈§§§.§≈≈≈≈§§§≈§≈§§≈≈≈≈≈≈≈≈


You could see a stone giant.

Vanquished Creatures
  The ghost of snuffy the Fighter, a journeyman DsGl of Makhleb (D:9)
  A centaur warrior (D:9)
  2 two-headed ogres
  Urug (D:10)
  Pikel (D:4)
  An orc knight (Bailey)
  2 cyclopes (D:10)
  A black mamba (Lair:1)
  Psyche (D:9)
  A gargoyle (Volcano)
  Maggie (D:10)
  An efreet (Volcano)
  A komodo dragon (D:8)
  A troll (D:9)
  Prince Ribbit (D:6)
  A hippogriff (Lair:1)
  Sigmund (D:6)
  2 fire elementals (Volcano)
  8 yaks
  2 fire bats (Volcano)
  A hungry ghost (D:8)
  A warg (shapeshifter) (D:8)
  A porcupine (Lair:1)
  6 orc warriors
  2 slaves
  A black bear (D:6)
  An ice beast (D:8)
  4 sky beasts
  A necrophage (D:10)
  A phantom (D:7)
  2 wolves (D:9)
  2 ogres
  3 crocodiles (Lair:1)
  2 centaurs (D:8)
  2 big kobolds
  6 bullfrogs
  A wyvern zombie (D:9)
  A wyvern skeleton (D:10)
  4 killer bees
  3 scorpions
  2 electric eels (D:9)
  11 wights
  4 howler monkeys
  2 crimson imps
  7 lava snakes (Volcano)
  3 quasits
  A centaur skeleton (D:6)
  3 bullfrog zombies
  12 hounds
  5 orc priests
  An iguana (D:7)
  8 orc wizards
  7 worker ants
  A hound skeleton (D:10)
  2 worker ant zombies
  16 gnolls
  14 adders
  5 shadow imps
  2 adder skeletons (D:4)
  3 worms
  5 dart slugs
  5 leopard geckos
  30 orcs
  4 ball pythons
  2 bat zombies (D:5)
  10 giant cockroaches
  11 goblins
  18 hobgoblins
  8 jackals
  20 kobolds
  8 quokkas
  8 bats
  5 frilled lizards
  8 rats
  2 rat zombies (D:5)
329 creatures vanquished.

Vanquished Creatures (others)
  A frilled lizard (D:4)
  A kobold (D:10)
2 creatures vanquished.

Grand Total: 331 creatures vanquished

Notes
Turn   | Place    | Note
-------+----------+-------------------------------------------
     0 | D:1      | Delamore the Gargoyle Fighter began the quest for the Orb.
     0 | D:1      | Reached XP level 1. HP: 14/14 MP: 1/1
   224 | D:1      | Reached XP level 2. HP: 19/19 MP: 2/2
   244 | D:1      | Reached skill level 3 in Maces & Flails
   378 | D:1      | Reached XP level 3. HP: 23/23 MP: 3/3
   833 | D:2      | Reached skill level 4 in Maces & Flails
  1072 | D:2      | Reached XP level 4. HP: 28/28 MP: 4/4
  1240 | D:2      | Found a sparkling altar of Nemelex Xobeh.
  1440 | D:2      | Found a stormy altar of Qazlal.
  1723 | D:3      | Found a basalt altar of Yredelemnul.
  1922 | D:3      | Reached skill level 5 in Maces & Flails
  1922 | D:3      | Reached XP level 5. HP: 32/32 MP: 5/5
  2118 | D:3      | Found a radiant altar of Vehumet.
  2340 | D:4      | Reached skill level 6 in Maces & Flails
  2461 | D:4      | Reached XP level 6. HP: 29/37 MP: 6/6
  2604 | D:4      | Found an ornate altar of the Wu Jian Council.
  2605 | D:4      | Found a shadowy altar of Dithmenos.
  2935 | D:4      | Found a shimmering blue altar of Sif Muna.
  2970 | D:5      | Entered Level 5 of the Dungeon
  3018 | D:5      | Noticed a sky beast
  3028 | D:5      | Killed a sky beast
  3028 | D:5      | Reached skill level 7 in Maces & Flails
  3041 | D:5      | Reached XP level 7. HP: 41/41 MP: 7/7
  3070 | D:5      | Noticed Pikel
  3359 | D:4      | Killed Pikel
  3359 | D:4      | Reached skill level 9 in Maces & Flails
  3359 | D:4      | Reached XP level 8. HP: 35/46 MP: 8/8
  3496 | D:5      | Found a snail-covered altar of Cheibriados.
  3655 | D:5      | Found Kolodino's Distillery.
  3698 | D:5      | Found an ancient bone altar of Kikubaaqudgha.
  3721 | D:5      | Bought a potion of heal wounds for 55 gold pieces
  3893 | D:5      | Got a steaming scale mail
  3904 | D:5      | Identified the +6 scale mail "Ethrieno" {rF+ rN+ MR+ Str+4}
                  | (You found it on level 5 of the Dungeon)
  3969 | D:6      | Noticed Sigmund
  3992 | D:6      | Killed Sigmund
  3992 | D:6      | Reached skill level 10 in Maces & Flails
  4128 | D:6      | Found a staircase to the Ecumenical Temple.
  4140 | Temple   | Entered the Ecumenical Temple
  4384 | D:6      | Reached skill level 11 in Maces & Flails
  4419 | D:6      | Noticed Prince Ribbit
  4429 | D:6      | Killed Prince Ribbit
  4429 | D:6      | Reached XP level 9. HP: 51/51 MP: 9/9
  4706 | D:6      | Found a glowing golden altar of the Shining One.
  4868 | D:7      | Found a sacrificial altar of Ru.
  5056 | D:7      | Found Ekhlanikew's Distillery.
  5142 | D:7      | Reached skill level 12 in Maces & Flails
  5249 | D:7      | Found an iron altar of Okawaru.
  5260 | D:7      | Found a bloodstained altar of Trog.
  5393 | D:8      | Found a stormy altar of Qazlal.
  5602 | D:8      | Reached skill level 13 in Maces & Flails
  5701 | D:8      | Found Rahewk's Assorted Antiques.
  5897 | D:7      | Became a worshipper of Warmaster Okawaru
  6002 | D:7      | Reached XP level 10. HP: 56/56 MP: 10/10
  6433 | D:8      | Noticed a two-headed ogre
  6451 | D:8      | Killed a two-headed ogre
  6451 | D:8      | Reached * piety under Okawaru
  6451 | D:8      | Reached skill level 14 in Maces & Flails
  6986 | D:9      | Reached ** piety under Okawaru
  7018 | D:9      | Found a flagged portal.
  7051 | Bailey   | Entered a bailey
  7204 | Bailey   | Noticed an orc knight
  7384 | Bailey   | Killed an orc knight
  7730 | D:9      | Reached skill level 15 in Maces & Flails
  7797 | D:9      | Noticed a centaur warrior
  7809 | D:9      | Killed a centaur warrior
  7809 | D:9      | Reached *** piety under Okawaru
  7931 | D:9      | Found a staircase to the Lair.
  7968 | D:9      | Reached XP level 11. HP: 29/60 MP: 11/11
  8177 | D:9      | Noticed a two-headed ogre
  8183 | D:9      | Killed a two-headed ogre
  8183 | D:9      | Reached **** piety under Okawaru
  8349 | D:9      | Reached skill level 16 in Maces & Flails
  8582 | D:9      | Noticed Psyche
  8588 | D:9      | Killed Psyche
  8654 | D:9      | Found a runed translucent gate.
  8654 | D:9      | Found a runed translucent gate.
  8655 | D:9      | Found a runed translucent gate.
  8657 | D:9      | Noticed snuffy's ghost (journeyman DsGl)
  8657 | D:9      | Identified the +8 mace of Raergh {vamp, rC+ MP+9}
  8657 | D:9      | Identified the cursed +1 plate armour of the Sky {rN+
                  | Str+2}
  8660 | D:9      | Found a roughly hewn altar of Beogh.
  8708 | D:9      | Killed snuffy's ghost
  8735 | D:9      | Got a jewelled helmet
  8752 | D:9      | Identified the +1 helmet of the Lute {Regen+} (You found it
                  | on level 9 of the Dungeon)
  9017 | D:10     | Entered Level 10 of the Dungeon
  9065 | D:10     | Reached skill level 5 in Fighting
  9065 | D:10     | Reached skill level 5 in Shields
  9161 | D:10     | Reached ***** piety under Okawaru
  9204 | D:10     | Noticed Urug
  9225 | D:10     | Killed Urug
  9225 | D:10     | Received a gift from Okawaru
  9382 | D:10     | Noticed a cyclops
  9386 | D:10     | Killed a cyclops
  9438 | D:10     | Noticed Maggie
  9452 | D:10     | Killed Maggie
  9562 | D:10     | Noticed a cyclops
  9570 | D:10     | Killed a cyclops
  9588 | D:10     | Received a gift from Okawaru
  9907 | Lair:1   | Entered Level 1 of the Lair of Beasts
  9968 | Lair:1   | Reached XP level 12. HP: 71/72 MP: 12/12
 10528 | Lair:1   | Found a dark tunnel.
 10538 | Volcano  | Entered a volcano
 10946 | Volcano  | Found a burning altar of Makhleb.
 10962 | Volcano  | Noticed a stone giant
 10979 | Volcano  | Slain by a stone giant

Illustrated notes

Levels and vault maps discovered:
D:1:      onia_arrival_mini_maze_b, layout_basic, columned_hall_lemuel
D:2:      layout_loops_ring, overflow_temple_1_default, lemuel_round_altar,
          first_ration
D:3:      layout_loops_ring, nicolae_overflow_crystal_walls,
          lemuel_coloured_pillars_altar, minmay_box_of_dots
D:4:      layout_rooms, kennysheep_mini, gammafunk_temple_overflow_statue,
          chequers_serial_rivers_large_b, grunt_decor_arrowhead, minmay_vboxes
D:5:      layout_cave_pools, lemuel_round_altar,
          lemuel_zombie_altar_kikubaaqudgha, serial_shops, kennysheep_mini_moat,
          uniq_pikel
D:6:      layout_rooms, kennysheep_little_box, minmay_temple_entry_large_hall,
          uniq_prince_ribbit1, uniq_sigmund
D:7:      layout_cave_pods, nicolae_overflow_hidden_temple,
          lemuel_crystal_altar, nicolae_ru_awakened_eye, serial_shops, shop
D:8:      minmay_opposing_rooms, layout_loops_ring, basic_altar, serial_shops,
          nicolae_shop_stone, blue_anna_alchemist [blue_anna_fruit_fields,
          blue_anna_fruit_fields]
D:9:      layout_irregular_city, erik_lair_island, enter_bailey_2,
          biasface_ghost_orc_armoury, uniq_psyche
D:10:     layout_irregular_city, uniq_maggie, uniq_urug
Temple:   nicolae_temple_figure_zero
Lair:1:   layout_regular_city, lightli_volcano_entry_magma_tube
Volcano:  volcano_lake [vl_original]

Skill      XL: |  1  2  3  4  5  6  7  8  9 10 11 12 |
---------------+-------------------------------------+-----
Maces & Flails | 3 4 5 6 7 9 11 13 15 16 | 16.0
Fighting       | 7 8 |  8.3
Shields        | 7 8 |  8.3
Armour         | |  3.2

Action                   |  1- 3 |  4- 6 |  7- 9 | 10-12 || total
-------------------------+-------+-------+-------+-------++-------
Melee: Flail             |   123 |   255 |    45 |       ||   423
       Whip              |       |       |   260 |   211 ||   471
       Morningstar       |       |       |       |   119 ||   119
       Mace              |       |       |       |   217 ||   217
Throw: Dart              |       |       |       |     1 ||     1
Invok: Heroism           |       |       |       |     2 ||     2
  Use: Scroll            |       |       |       |    23 ||    23
       Potion            |       |       |       |     7 ||     7
  Eat: Chunk             |     1 |     7 |     9 |    15 ||    32
       Ration            |       |       |       |     1 ||     1
Armor: Scale mail        |    21 |       |    57 |   262 ||   340
       Chain mail        |    48 |   129 |    66 |       ||   243
Dodge: Dodged            |    32 |    41 |    36 |   105 ||   214
Block: Kite shield       |    71 |   144 |   194 |   413 ||   822
       Reflection        |       |     3 |     6 |    42 ||    51
